 Dungeon Crawl Stone Soup version 0.20-a0-901-g27f6fa8 (webtiles) character file.

289 Delwin the Covert (level 6, -4/28 HPs)
             Began as a Spriggan Enchanter on Mar 19, 2017.
             Killed by divine providence
             ... invoked by an orc priest
              (16 damage)
             ... on level 4 of the Dungeon.
             The game lasted 00:11:18 (3754 turns).

Delwin the Covert (Spriggan Enchanter)              Turns: 3754, Time: 00:11:19

Health: -4/28      AC:  7    Str:  4    XL:     6   Next: 9%
Magic:  9/13       EV: 18    Int: 18    God:
Gold:   106        SH:  0    Dex: 19    Spells: 5/14 levels left

rFire    . . .     SeeInvis +   a - +2 dagger
rCold    . . .     Gourm    .   b - +1 robe
rNeg     . . .     Faith    .   (shield restricted)
rPois    .         Spirit   .   (helmet restricted)
rElec    .         Reflect  .   j - +0 cloak
rCorr    .         Harm     .   (gloves unavailable)
MR       +....                  (boots unavailable)
Stlth    ++++......             (no amulet)
Regen    0.1/turn               (no ring)
MPRegen  0.2/turn               (no ring)

@: lethally poisoned (-4 -> -7), very quick
A: unfitting armour, icy blue scales 1, see invisible, agile 1, herbivore 3,
speed 3, shaggy fur 1, slow metabolism 2, MP-powered wands
a: no special abilities


You were on level 4 of the Dungeon.
You were not hungry.

You visited 1 branch of the dungeon, and saw 4 of its levels.

You collected 106 gold pieces.

Inventory:

Hand Weapons
 a - a +2 dagger (weapon)
Armour
 b - a +1 robe (worn)
 j - a +0 cloak (worn)
Wands
 e - a wand of iceblast (10/15)
Scrolls
 i - a scroll of remove curse
Potions
 g - 4 potions of curing
 k - a potion of ambrosia
 l - a potion of invisibility {unknown}
Books
 c - a book of Maledictions

   Spells                             Type                      Level
   a - Corona                         Hexes                        1
   b - Ensorcelled Hibernation        Hexes/Ice                    2
   c - Confuse                        Hexes                        3
   d - Tukima's Dance                 Hexes                        3
   e - Dazzling Spray                 Conjuration/Hexes            3
Comestibles
 d - 5 bread rations
 f - 20 fruits


   Skills:
 - Level 1.1 Short Blades
 - Level 3.0 Dodging
 + Level 8.1 Stealth
 - Level 4.6 Spellcasting
 - Level 5.0 Hexes


You had 5 spell levels left.
You knew the following spells:

 Your Spells              Type           Power        Failure   Level  Hunger
a - Ensorcelled Hibernat  Hex/Ice        ##....       10%         2    #......
b - Corona                Hex            ###....      1%          1    None
c - Confuse               Hex            ###.....     6%          3    ###....
d - Tukima's Dance        Hex            ###.....     6%          3    ###....


Dungeon Overview and Level Annotations

Branches:
Dungeon (3/15)

Altars:
Makhleb
Ru
Sif Muna
Vehumet
Yredelemnul

Annotations:
D:4 jotwebe's ghost, novice BaSu


Innate Abilities, Weirdness & Mutations

You are very small and have problems with some larger weapons.
You are too small for most types of armour.
You have supernaturally acute eyesight. (SInv)
You are a herbivore.
You cover ground extremely quickly.
You need consume almost no food.
You are partially covered in icy blue scales. (AC +2)
You are agile. (Dex +2)
You are covered in fur. (AC +1)
You expend magic power (3 MP) to strengthen your wands.


Message History

The puff of flame hits you!
Jotwebe's ghost closely misses the orc wizard.
You barely miss jotwebe's ghost.
Jotwebe's ghost is heavily damaged.
The orc wizard closely misses you.
The orc wizard hits you but does no damage.
You are poisoned.
The orc wizard completely misses you.
You feel sick.
Jotwebe's ghost seems less confused.
You see here 12 gold pieces.
The orc wizard gestures wildly while chanting.
The orc wizard flickers and vanishes for a moment.
The orc priest invokes the aid of Beogh against you.
Beogh smites you!
You feel sick.
You see here a glowing ring mail.
The orc priest invokes the aid of Beogh against you.
Beogh smites you!
Ouch! That really hurt!
You die...

###
#....##.##....)#
####.##.##.#####
#.#...#.####
#..........#
###'#....#.##.#
#_#........#
####...#.##.#
############.##.# .
###..o.oo..o@.....#
#.....oW######.####
#.#......# #.#
#......#..... ...
..#...##.######...
. ##.. #.# ###.#
#... ... .# ...#
#.# .# #.# #.#


You could see an orc priest, 3 orc wizards, jotwebe's ghost and an orc.

Vanquished Creatures
  A phantom (D:4)
  Blork the orc (D:4)
  A worker ant (D:4)
  2 gnolls (D:3)
  2 adders (D:2)
  An ooze (D:1)
  5 worms
  A dart slug (D:1)
  2 leopard geckos
  2 orcs
  A ball python (D:1)
  4 bats
  9 goblins
  3 hobgoblins
  2 jackals (D:2)
  2 quokkas (D:2)
  A frilled lizard (D:2)
  5 kobolds
  7 rats
  A spectral orc (D:2)
53 creatures vanquished.

Notes
Turn   | Place    | Note
-------+----------+-------------------------------------------
     0 | D:1      | Delwin the Spriggan Enchanter began the quest for the Orb.
     0 | D:1      | Reached XP level 1. HP: 9/9 MP: 5/5
   179 | D:2      | Reached XP level 2. HP: 13/13 MP: 7/7
   183 | D:2      | Learned a level 2 spell: Ensorcelled Hibernation
  1434 | D:2      | Reached XP level 3. HP: 16/16 MP: 3/9
  1439 | D:2      | Learned a level 3 spell: Confuse
  1443 | D:2      | Learned a level 3 spell: Tukima's Dance
  1998 | D:2      | Found a basalt altar of Yredelemnul.
  2458 | D:2      | Found a sacrificial altar of Ru.
  2480 | D:2      | Found a deep blue altar of Sif Muna.
  2496 | D:2      | Reached XP level 4. HP: 21/21 MP: 0/11
  2594 | D:2      | Gained mutation: You expend magic power (3 MP) to strengthen your wands. [potion of mutation]
  2594 | D:2      | Gained mutation: You are partially covered in icy blue scales. (AC +2) [potion of mutation]
  2594 | D:2      | Gained mutation: You are covered in fur. (AC +1) [potion of mutation]
  2594 | D:2      | Gained mutation: You are agile. (Dex +2) [potion of mutation]
  3145 | D:3      | Reached skill level 5 in Hexes
  3370 | D:3      | Found a radiant altar of Vehumet.
  3541 | D:3      | You fall through a shaft!
  3565 | D:4      | Reached skill level 5 in Stealth
  3606 | D:4      | Noticed a phantom
  3616 | D:4      | Killed a phantom
  3616 | D:4      | Reached skill level 7 in Stealth
  3616 | D:4      | Reached XP level 5. HP: 24/24 MP: 8/12
  3656 | D:4      | Noticed Blork the orc
  3680 | D:4      | Killed Blork the orc
  3680 | D:4      | Reached skill level 8 in Stealth
  3680 | D:4      | Reached XP level 6. HP: 28/28 MP: 9/13
  3717 | D:4      | Found a burning altar of Makhleb.
  3731 | D:4      | Noticed jotwebe's ghost (novice BaSu)
  3754 | D:4      | Killed from afar by an orc priest

Vault maps used:
D:1:      lightli_arrival_statue_moat
D:2:      grunt_temple_overflow_open, yredelemnul_forgotten_temple_becter
D:3:      overflow_temple_1_default, cheibriados_altar_1, serial_corexii_hall,
          corexii_hall_statues_s, corexii_hall_statues_t, dk_vineyard_2,
          minmay_door_square
D:4:      lemuel_crystal_altar, kennysheep_mini, uniq_blork_the_orc,
          uniq_duvessa

Skill      XL: |  1  2  3  4  5 |
---------------+----------------+-----
Spellcasting   | 3 4 |  4.6
Hexes          | 4 5 |  5.0
Stealth        | 7 8 |  8.1
Short Blades   | |  1.1
Dodging        | |  3.0

Action                   |  1- 3 |  4- 6 || total
-------------------------+-------+-------++-------
Melee: Dagger            |   109 |    74 ||   183
 Cast: Corona            |     3 |     1 ||     4
       Ensorcelled Hiber |    16 |    16 ||    32
       Confuse           |     2 |     4 ||     6
  Use: Scroll            |     5 |     5 ||    10
       Potion            |       |     1 ||     1
 Stab: Sleeping          |    21 |    10 ||    31
       Confused          |     1 |     6 ||     7
  Eat: Fruit             |       |     6 ||     6
Armor: Robe              |    10 |     9 ||    19
Dodge: Dodged            |    66 |    36 ||   102
